Cogmind - Beta 16 @@@ ROGUE MODE // 2026.01.14 @ 20:13:07 Player: BottomOfTheSwamp Result: Destroyed by LC-HPC(z) with Makeshift Power Source chain reaction Performance ------------- Evolutions (3) 1500 Regions Visited (11) 2200 Robots Destroyed (69) 345 Value Destroyed (1412) 1412 Prototype IDs (10) 200 Alien Tech Used (0) 0 Bonus (633) 633 TOTAL SCORE: 6290 Bonus ------- Follower Combat Kills 33 Aligned with FarCom 300 Met Imprinter 300 Cogmind --------- Core Integrity 0/700 Matter 56/300 Energy 290/290 System Corruption 9% Temperature Cool (0) Movement Walking (137) Location -7/Zion Parts ------- > --- POWER (1) -------- Improved Deuterium Engine > --- PROPULSION (4) --- Improved Titanium Leg Makeshift Leg Makeshift Leg Makeshift Leg > --- UTILITY (6) ------ Makeshift Sensor Array Experimental Targeting Computer Makeshift System Shield > --- WEAPON (2) ------- Shotgun Makeshift Shrapnel Gun > --- INVENTORY (5) ---- Makeshift Power Source Hacking Drone Bay (1/1) Makeshift Sword Peak State ------------ > --- POWER ------------ Deuterium Engine > --- PROPULSION ------- Flying Fortress v7 > --- UTILITY ---------- Small Storage Unit Targeting Computer Targeting Computer Improved Targeting Computer Experimental Targeting Computer Experimental Core Analyzer > --- WEAPON ----------- Enhanced Autogun Enhanced Autogun > --- INVENTORY -------- Deuterium Engine Launcher Guidance Computer Hacking Drone Bay Gauss Rifle Flak Gun Gauss Cannon Heavy Missile Launcher Heavy Missile Launcher [Rating: 67] Favorites ----------- Power Deuterium Engine Engine Deuterium Engine Propulsion Makeshift Leg Leg Makeshift Leg Flight Unit Flying Fortress v7 Utility Targeting Computer Device Heat Sink Storage Small Storage Unit Processor Targeting Computer Hackware Hacking Suite Protection Makeshift Light Armor Plating Weapon Enhanced Autogun Energy Gun Improved Medium Laser Ballistic Gun Enhanced Autogun Ballistic Cannon Gauss Cannon Launcher Heavy Missile Launcher Special Weapon Mining Laser Slashing Weapon Makeshift Sword Build | -11 -10 -10 -9 -9 -9 -8 -8 -7 -7 -7 -7 ------- Run | Yrd Mat Min Mat Min Exi Min Mat Fac Low Low Zio Slots Evolved 6 | . . . 2 . . . 2 2 . . . Power . | . . . . . . . . . . . . Propulsion 2 | . . . . . . . 2 . . . . Utility 4 | . . . 2 . . . . 2 . . . Weapon . | . . . . . . . . . . . . Parts Attached 64 | 6 2 1 4 7 . . 6 2 1 . 35 Power 6 | 1 . . . 1 . . 1 . . . 3 Engine 6 | 1 . . . 1 . . 1 . . . 3 Core . | . . . . . . . . . . . . Reactor . | . . . . . . . . . . . . Propulsion 22 | 2 . . . 3 . . 1 . . . 16 Treads . | . . . . . . . . . . . . Leg 21 | 2 . . . 3 . . . . . . 16 Wheel . | . . . . . . . . . . . . Hover . | . . . . . . . . . . . . Flight 1 | . . . . . . . 1 . . . . Utility 18 | 1 2 . 1 2 . . . 2 . . 10 Device 4 | . 1 . . 1 . . . . . . 2 Storage 1 | 1 . . . . . . . . . . . Processor 9 | . 1 . 1 1 . . . 1 . . 5 Hackware 2 | . . . . . . . . 1 . . 1 Protection 2 | . . . . . . . . . . . 2 Artifact . | . . . . . . . . . . . . Weapon 18 | 2 . 1 3 1 . . 4 . 1 . 6 Energy Gun 2 | . . . 2 . . . . . . . . Energy Cannon . | . . . . . . . . . . . . Ballistic Gun 9 | 2 . . . 1 . . 3 . . . 3 Ballistic Cannon 1 | . . . . . . . . . . . 1 Launcher 4 | . . 1 . . . . 1 . 1 . 1 Special Weapon 1 | . . . 1 . . . . . . . . Impact Weapon . | . . . . . . . . . . . . Slashing Weapon 1 | . . . . . . . . . . . 1 Piercing Weapon . | . . . . . . . . . . . . Special Melee Weapon . | . . . . . . . . . . . . Unidentified Prototypes 10 | . . . 2 1 . . 2 . . . 5 Parts Lost 33 | . . 4 4 . . . . . . . 25 Power 3 | . . 1 . . . . . . . . 2 Propulsion 13 | . . 2 . . . . . . . . 11 Utility 7 | . . . 1 . . . . . . . 6 Weapon 10 | . . 1 3 . . . . . . . 6 Highest Loss Streak 9 | . . 4 4 . . . . . . . 9 To Critical Strikes . | . . . . . . . . . . . . Average Backups 5 | 1 1 3 3 4 4 5 5 7 8 8 4 Power . | . . . . . . . . 1 1 1 . Propulsion . | . . . . . 1 2 . . . . . Utility 1 | . 1 3 2 1 1 1 1 1 2 2 1 Weapon 2 | . . . 1 2 2 2 3 4 5 5 2 Tool/Special . | . . . . . . . . . . . . Unused Backups 3 | . . . . . . . . . . 1 2 Power . | . . . . . . . . . . . . Propulsion . | . . . . . . . . . . . . Utility 1 | . . . . . . . . . . . 1 Weapon 2 | . . . . . . . . . . 1 1 Tool/Special . | . . . . . . . . . . . . Average Slot Usage (%) 74 | . 89 66 49 68 100 100 72 74 76 76 79 Engine 6 | . 14 3 . 1 11 11 9 7 7 7 6 Leg 9 | . 28 7 . 18 22 22 . . . . 16 Flight 3 | . . . . . . . 8 7 7 7 2 Device 1 | . 1 . 5 . . . . . . . . Storage 7 | . 14 14 11 11 11 11 9 7 7 7 2 Processor 24 | . 2 14 17 24 33 33 27 29 30 30 25 Hackware 1 | . . . . . . . . 6 7 7 . Protection 2 | . . . . . . . . . . . 7 Energy Gun 1 | . . . . 11 11 11 . . . . . Ballistic Gun 12 | . 28 17 9 2 11 11 17 15 14 15 10 Launcher 1 | . . 9 4 . . . . . . . 1 Peak Build Rating 67 | 6 7 7 8 24 23 23 50 54 54 55 67 Average Rating 34 | 3 6 5 5 14 20 23 48 53 54 54 47 On Entrance 25 | . 6 7 5 6 20 23 23 50 54 54 55 Avg Prop Armor Cover (%) 13 | . . . . 13 . . . . . . . Naked Turns . | . . . . . . . . . . . . Heaviest Build 29 | 13 14 13 10 15 15 15 24 21 24 20 29 Greatest Support 80 | 20 20 20 3 36 31 31 50 50 50 50 80 Greatest Overweight (x) 9 | . . 3 3 2 . . . . . . 9 Average Overweight (x) . | . . 2 2 . . . . . . . . Largest Inventory Capacity 8 | 8 8 8 8 8 8 8 8 8 8 8 8 Average Capacity 7 | 6 8 8 8 8 8 8 8 8 8 8 6 Most Carried 8 | 5 4 4 5 6 8 8 8 8 8 8 8 Average Carried 5 | 1 1 3 3 4 5 8 5 7 8 7 4 Final Capacity 8 | 8 8 8 8 8 8 8 8 8 8 8 5 Final Carried 8 | . 3 4 2 4 8 8 8 8 8 8 3 Class Distribution -------------------- 82% | Mutant 17% | Scavenger-Mutant Dominant Class ---------------- Mutant | -10/Materials Mutant | -10/Mines Mutant | -9/Materials Mutant | -9/Mines Mutant | -9/Exiles Mutant | -8/Mines Mutant | -8/Materials Mutant | -7/Factory Mutant | -7/Lower Caves Mutant | -7/Lower Caves Scavenger-Mutant | -7/Zion Resources | -11 -10 -10 -9 -9 -9 -8 -8 -7 -7 -7 -7 ----------- Run | Yrd Mat Min Mat Min Exi Min Mat Fac Low Low Zio Matter Collected 1961 | 260 52 4 106 206 . . 99 . 223 69 942 Remotely . | . . . . . . . . . . . . Salvage Created 1296 | . 80 23 87 45 . . 192 . 65 . 804 Parts 111 | . 3 . 6 4 . . 11 . 8 . 79 Haulers Intercepted . | . . . . . . . . . . . . Recyclers Shooed . | . . . . . . . . . . . . Parts Field Recycled . | . . . . . . . . . . . . Retrieved Matter . | . . . . . . . . . . . . Parts Self-Destructed 8 | . . . . . . . . . 6 2 . Prevented . | . . . . . . . . . . . . Parts Restored . | . . . . . . . . . . . . Kills | -11 -10 -10 -9 -9 -9 -8 -8 -7 -7 -7 -7 ------- Run | Yrd Mat Min Mat Min Exi Min Mat Fac Low Low Zio Combat Hostiles Destroyed 29 | . 2 7 3 1 . . 5 . 7 . 4 Guns 10 | . 2 . 2 1 . . 2 . . . 3 Cannons 1 | . . . . . . . . . . . 1 AOE 18 | . . 7 1 . . . 3 . 7 . . Classes Destroyed 13 | . 1 1 3 2 . . 2 . 1 . 3 Worker 1 | . . . . 1 . . . . . . . Tunneler 1 | . . . 1 . . . . . . . . Operator 1 | . . . . . . . 1 . . . . Watcher 2 | . . . 1 . . . 1 . . . . Swarmer 7 | . . . . . . . . . 7 . . Grunt 8 | . 2 . 2 . . . 4 . . . . Brawler 1 | . . . . . . . 1 . . . . Duelist 1 | . . . . 1 . . . . . . . Sentry 1 | . . . 1 . . . . . . . . Zionite 42 | . . . . . . . . . . . 42 Tinkerer 2 | . . . . . . . . . . . 2 Assembled 7 | . . 7 . . . . . . . . . Mutant 4 | . . . . . . . . . . . 4 Best Kill Streak 14 | . 2 6 2 2 . . 4 . 4 . 14 Combat Bots Only 6 | . 2 6 1 1 . . 4 . 4 . 2 Max Kills in Single Turn 2 | . 1 2 2 2 . . 2 . 2 . 2 Gunslinging . | . . . . . . . . . . . . Exploded 2 | . . 2 1 . . . 2 . 2 . . Melee . | . . . . . . . . . . . . Uniques/NPCs Destroyed . | . . . . . . . . . . . . Combat | -11 -10 -10 -9 -9 -9 -8 -8 -7 -7 -7 -7 -------- Run | Yrd Mat Min Mat Min Exi Min Mat Fac Low Low Zio Hostile Shots Fired 476 | . 10 15 41 3 . . 10 . 31 2 364 Missed 190 | . 1 3 11 1 . . 6 . 15 2 151 Hits 286 | . 9 12 30 2 . . 4 . 16 . 213 Melee 28 | . . . . 2 . . . . . . 26 Projectile 258 | . 9 12 30 . . . 4 . 16 . 187 AOE 13 | . . 11 . . . . . . . . 2 Critical Strikes 14 | . . . 1 . . . . . . . 13 Part Disruptions 2 | . . . . . . . . . . . 2 Damage Taken 5071 | . 123 460 370 71 . . 63 . 321 . 3663 Core 972 | . 45 88 137 . . . . . 14 . 688 Absorbed by Shields . | . . . . . . . . . . . . Core Remaining (%) 77 | 100 . 46 . . . 65 100 . . . . Volleys Fired 172 | . 8 12 18 5 . . 12 . 6 . 111 Largest 2 | . 2 2 2 2 . . 2 . 2 . 2 Hottest 100 | . 40 53 100 84 . . 64 . 64 . 65 Shots Fired 292 | . 16 19 24 10 . . 24 . 12 . 187 Gun 238 | . 16 14 15 10 . . 20 . 7 . 156 Cannon 23 | . . . . . . . . . . . 23 Launcher 30 | . . 5 8 . . . 4 . 5 . 8 Special 1 | . . . 1 . . . . . . . . Kinetic 252 | . 16 14 11 5 . . 20 . 7 . 179 Thermal 10 | . . . 5 5 . . . . . . . Explosive 30 | . . 5 8 . . . 4 . 5 . 8 Electromagnetic . | . . . . . . . . . . . . Robot Hit Streak 46 | . 11 19 7 15 . . 6 . 2 . 46 Robot Miss Streak 4 | . 1 4 3 3 . . 3 . 4 . 2 Penetration Max . | . . . . . . . . . . . . Secondary Targets 4 | . . . . . . . . . . . 4 Max Gunslinging Chain 1 | . . . . . . . . . . . 1 Shots Hit Robots 242 | . 15 12 15 9 . . 17 . 3 . 171 Core Hits 119 | . 6 11 11 7 . . 16 . 7 . 61 Critical Kills 1 | . . . . . . . . . . . 1 Critical Parts Destroyed 2 | . . . . . . . . . . . 2 Critical Strikes 7 | . . . . . . . . . . . 7 Destroy 3 | . . . . . . . . . . . 3 Blast 3 | . . . . . . . . . . . 3 Sever 1 | . . . . . . . . . . . 1 Melee Attacks 31 | . . . . . . . . . . . 31 Impact . | . . . . . . . . . . . . Slashing 31 | . . . . . . . . . . . 31 Piercing . | . . . . . . . . . . . . Sneak Attacks 1 | . . . . . . . . . . . 1 Combat Hostiles . | . . . . . . . . . . . . Follow-up Attacks . | . . . . . . . . . . . . Damage Inflicted 6719 | . 150 361 519 183 . . 739 . 658 . 4109 Guns 2957 | . 150 83 121 183 . . 206 . 29 . 2185 Cannons 489 | . . . . . . . . . . . 489 Explosions 2475 | . . 268 396 . . . 533 . 629 . 649 Melee 786 | . . . . . . . . . . . 786 Ramming 12 | . . 10 2 . . . . . . . . Kinetic 3328 | . 150 83 72 114 . . 206 . 29 . 2674 Thermal 118 | . . . 49 69 . . . . . . . Explosive 2427 | . . 268 348 . . . 533 . 629 . 649 Electromagnetic 48 | . . . 48 . . . . . . . . Impact . | . . . . . . . . . . . . Slashing 786 | . . . . . . . . . . . 786 Piercing . | . . . . . . . . . . . . Highest Corruption 9 | . . . . . . . . . . . 9 Average Corruption 6 | . . . . . . . . . . . 6 Corruption Purged . | . . . . . . . . . . . . Corruption Blocked . | . . . . . . . . . . . . Effects 36 | . . . . . . . . . . . 36 Message Errors 13 | . . . . . . . . . . . 13 Matter Fused 7 | . . . . . . . . . . . 7 Heat Flow Errors 1 | . . . . . . . . . . . 1 Energy Discharges 2 | . . . . . . . . . . . 2 Data Loss (minor) 5 | . . . . . . . . . . . 5 Data Loss (major) 1 | . . . . . . . . . . . 1 Misfires 2 | . . . . . . . . . . . 2 Alerts 1 | . . . . . . . . . . . 1 Weapon Failures 4 | . . . . . . . . . . . 4 Overload Shots . | . . . . . . . . . . . . Overflow Damage 268 | . . 42 17 . . . . . 96 . 113 Projectiles 3 | . . . . . . . . . . . 3 Explosions 166 | . . 42 17 . . . . . 96 . 11 Melee 99 | . . . . . . . . . . . 99 Knockbacks 2 | . . . . . . . . . . . 2 Impact . | . . . . . . . . . . . . Kinetic 2 | . . . . . . . . . . . 2 Secondary . | . . . . . . . . . . . . Self-Inflicted Damage 299 | . . 30 32 . . . . . 54 . 183 Shots 11 | . . 1 2 . . . . . 3 . 5 Rammed 1 | . . . 1 . . . . . . . . Targets Rammed 2 | . . 1 1 . . . . . . . . Kicked 1 | . . 1 . . . . . . . . . Crushed . | . . . . . . . . . . . . Highest Temperature 275 | . 15 4 24 15 . . 85 . 44 . 275 Average Temperature 38 | . 7 1 15 10 . . 27 . 15 . 46 Received Heat Transfer 807 | . 66 . 114 . . . 36 . 12 . 579 Siege Activations . | . . . . . . . . . . . . Martial Activations . | . . . . . . . . . . . . Shielding Activations . | . . . . . . . . . . . . Robots Disrupted . | . . . . . . . . . . . . Combat Hostiles . | . . . . . . . . . . . . Robots Corrupted . | . . . . . . . . . . . . Combat Hostiles . | . . . . . . . . . . . . Parts Fried . | . . . . . . . . . . . . Impact Corruptions . | . . . . . . . . . . . . Robots Melted . | . . . . . . . . . . . . Combat Hostiles . | . . . . . . . . . . . . Parts Melted 1 | . . . . . . . . . . . 1 Heat Transferred 259 | . . . 111 148 . . . . . . . Parts Sabotaged . | . . . . . . . . . . . . Parts Stolen . | . . . . . . . . . . . . Parts Stripped . | . . . . . . . . . . . . Power Chain Reactions . | . . . . . . . . . . . . Alert | -11 -10 -10 -9 -9 -9 -8 -8 -7 -7 -7 -7 ------- Run | Yrd Mat Min Mat Min Exi Min Mat Fac Low Low Zio Maximum Alert Level . | . . . . . . . . . . . . Low Security (%) 100 | 100 100 100 100 100 . 100 100 100 . . . Level 1 . | . . . . . . . . . . . . Level 2 . | . . . . . . . . . . . . Level 3 . | . . . . . . . . . . . . Level 4 . | . . . . . . . . . . . . Level 5 . | . . . . . . . . . . . . High Security . | . . . . . . . . . . . . Max Security . | . . . . . . . . . . . . Peak Influence 128 | . 40 20 127 35 . . 128 26 . . . Initial 26 | . . 11 . 8 . . . 26 . . . Average 19 | . 5 2 36 3 . . 30 4 . . . Influence Increases 920 | . 58 37 256 35 . . 254 . 265 15 . Destroy 0b10 Robot/C 380 | . 40 . 80 20 . . 100 . 140 . . Destroy 0b10 Robot/NC 30 | . . . 15 5 . . 10 . . . . Destroy Leader 96 | . 10 . 34 10 . . 22 . 20 . . Allied During Kill 2 | . . . 2 . . . . . . . . Successful Hack 15 | . 8 . 7 . . . . . . . . Disable Machine 60 | . . . 45 . . . 15 . . . . Destroy Structure 142 | . . 37 58 . . . 47 . . . . Lose Combat Pursuer 195 | . . . 15 . . . 60 . 105 15 . Influence Decreases 920 | . 28 67 234 46 11 . 195 59 155 125 . Entered New Map 98 | . . 19 . 14 11 . . 33 . 21 . Time Decay 812 | . 28 48 224 32 . . 195 26 155 104 . Lost Part 10 | . . . 10 . . . . . . . . Squads Dispatched 4 | . . . 1 1 . . 2 . . . . Investigation 2 | . . . . 1 . . 1 . . . . Extermination . | . . . . . . . . . . . . Reinforcement 2 | . . . 1 . . . 1 . . . . Assault . | . . . . . . . . . . . . Garrison . | . . . . . . . . . . . . Intercept . | . . . . . . . . . . . . Searches Triggered . | . . . . . . . . . . . . Construction Impeded . | . . . . . . . . . . . . Haulers Reinforced . | . . . . . . . . . . . . Active Scanning Responses . | . . . . . . . . . . . . Cargo Convoy Interrupts . | . . . . . . . . . . . . Stealth | -11 -10 -10 -9 -9 -9 -8 -8 -7 -7 -7 -7 --------- Run | Yrd Mat Min Mat Min Exi Min Mat Fac Low Low Zio Distress Signals 3 | . . . 1 . . . 2 . . . . Communications Jammed . | . . . . . . . . . . . . Distress Signals . | . . . . . . . . . . . . Times Spotted 111 | . 2 8 9 1 . . 10 . 12 1 68 Peak Tracking Total 9 | . 2 4 4 1 . . 5 . 6 1 9 Tactical Retreats 21 | . . 1 1 . . . 2 . 5 1 11 Traps | -11 -10 -10 -9 -9 -9 -8 -8 -7 -7 -7 -7 ------- Run | Yrd Mat Min Mat Min Exi Min Mat Fac Low Low Zio Traps Triggered 1 | . . . . . . . 1 . . . . Indirectly . | . . . . . . . . . . . . Trap Hack Attempts . | . . . . . . . . . . . . Triggered . | . . . . . . . . . . . . Disarmed . | . . . . . . . . . . . . Reprogrammed . | . . . . . . . . . . . . Reused . | . . . . . . . . . . . . Traps Extracted . | . . . . . . . . . . . . Installed . | . . . . . . . . . . . . Triggered . | . . . . . . . . . . . . Machines | -11 -10 -10 -9 -9 -9 -8 -8 -7 -7 -7 -7 ---------- Run | Yrd Mat Min Mat Min Exi Min Mat Fac Low Low Zio Machines Disabled 8 | . . . 3 . . . 1 . 1 . 3 Max in Single Turn 2 | . . . 2 . . . 1 . 1 . 1 Machines Repaired . | . . . . . . . . . . . . Machines Dismantled . | . . . . . . . . . . . . Machines Sabotaged . | . . . . . . . . . . . . Overloaded Fab Kills . | . . . . . . . . . . . . Hacking | -11 -10 -10 -9 -9 -9 -8 -8 -7 -7 -7 -7 --------- Run | Yrd Mat Min Mat Min Exi Min Mat Fac Low Low Zio Machines Accessed 15 | . 4 . 3 1 1 . 3 3 . . . Terminals 9 | . 4 . 2 . . . 2 1 . . . Fabricators 2 | . . . . . . . . 2 . . . Repair Stations . | . . . . . . . . . . . . Recycling Units . | . . . . . . . . . . . . Scanalyzers 2 | . . . 1 . . . 1 . . . . Garrison Access . | . . . . . . . . . . . . Total Hacks 33 | . 5 . 8 1 10 . 6 3 . . . Successful 22 | . 1 . 4 1 10 . 4 2 . . . Failed 11 | . 4 . 4 . . . 2 1 . . . Catastrophic 6 | . 1 . 2 . . . 2 1 . . . Database Lockouts . | . . . . . . . . . . . . Manual 19 | . 5 . 6 . 1 . 2 1 . . 4 Terminals 16 | . 5 . 6 . . . 4 1 . . . Fabricators 2 | . . . . . . . . 2 . . . Repair Stations . | . . . . . . . . . . . . Recycling Units . | . . . . . . . . . . . . Scanalyzers 4 | . . . 2 . . . 2 . . . . Garrison Access . | . . . . . . . . . . . . Terminal Hacks 16 | . 1 . 2 1 10 . 2 . . . . Record 10 | . . . . . 10 . . . . . . Open Door 1 | . . . . 1 . . . . . . . Branch Access Points 2 | . 1 . 1 . . . . . . . . Terminal Index 1 | . . . 1 . . . . . . . . Alert Level 1 | . . . . . . . 1 . . . . Dispatch Records 1 | . . . . . . . 1 . . . . Fabricator Hacks 2 | . . . . . . . . 2 . . . Network Status 2 | . . . . . . . . 2 . . . Repair Station Hacks . | . . . . . . . . . . . . Recycling Unit Hacks . | . . . . . . . . . . . . Scanalyzer 4 | . . . 2 . . . 2 . . . . Retrieve Study 4 | . . . 2 . . . 2 . . . . Garrison Access Hacks . | . . . . . . . . . . . . Unauthorized Hacks . | . . . . . . . . . . . . Terminals . | . . . . . . . . . . . . Fabricators . | . . . . . . . . . . . . Repair Stations . | . . . . . . . . . . . . Recycling Units . | . . . . . . . . . . . . Scanalyzers . | . . . . . . . . . . . . Garrison Access . | . . . . . . . . . . . . Data Cores Recovered 1 | . . . . . . . 1 . . . . Used . | . . . . . . . . . . . . Hacking Detections 6 | . 2 . 1 . . . 2 1 . . . Full Trace Events . | . . . . . . . . . . . . Feedback Events . | . . . . . . . . . . . . Feedback Blocked . | . . . . . . . . . . . . Robot Schematics Acquired 3 | . . . . . . . . . . . 3 Robots Built . | . . . . . . . . . . . . Authchips . | . . . . . . . . . . . . Time . | . . . . . . . . . . . . Total Robot Build Rating . | . . . . . . . . . . . . Part Schematics Acquired 15 | . . . . . . . . . . . 15 Parts Built . | . . . . . . . . . . . . Authchips . | . . . . . . . . . . . . Time . | . . . . . . . . . . . . Total Part Build Rating . | . . . . . . . . . . . . Part Studies Acquired 3 | . . . 2 . . . 1 . . . . Parts Repaired . | . . . . . . . . . . . . Time . | . . . . . . . . . . . . Parts Recycled . | . . . . . . . . . . . . Recycled Matter . | . . . . . . . . . . . . Retrieved Matter . | . . . . . . . . . . . . Retrieved Components . | . . . . . . . . . . . . Parts Scanalyzed . | . . . . . . . . . . . . Part Schematics Acquired . | . . . . . . . . . . . . Parts Damaged . | . . . . . . . . . . . . Bothacking | -11 -10 -10 -9 -9 -9 -8 -8 -7 -7 -7 -7 ------------ Run | Yrd Mat Min Mat Min Exi Min Mat Fac Low Low Zio Used RIF Installer . | . . . . . . . . . . . . Robots Hacked . | . . . . . . . . . . . . Non-combat . | . . . . . . . . . . . . Combat . | . . . . . . . . . . . . Robot Hacks Applied . | . . . . . . . . . . . . Relay Couplers Released . | . . . . . . . . . . . . Fabnet Peak Effective % . | . . . . . . . . . . . . Robots Rewired . | . . . . . . . . . . . . Allies Hacked . | . . . . . . . . . . . . Hacks Repelled . | . . . . . . . . . . . . Allies | -11 -10 -10 -9 -9 -9 -8 -8 -7 -7 -7 -7 -------- Run | Yrd Mat Min Mat Min Exi Min Mat Fac Low Low Zio Total Allies 1 | . . 1 . . . . . . . . . Largest Group 1 | . . 1 1 . . . . . . . . Highest-Rated Group 31 | . . 31 31 . . . . . . . . Highest-Rated Ally 31 | . . 31 31 . . . . . . . . Total Orders . | . . . . . . . . . . . . Ally Attacks 6 | . . . 6 . . . . . . . . Total Damage 102 | . . . 102 . . . . . . . . Kills 2 | . . . 2 . . . . . . . . Allies Corrupted . | . . . . . . . . . . . . Allies Melted . | . . . . . . . . . . . . Intel | -11 -10 -10 -9 -9 -9 -8 -8 -7 -7 -7 -7 ------- Run | Yrd Mat Min Mat Min Exi Min Mat Fac Low Low Zio Active Infowar (turns) 136 | . . . . . . . . . . . 136 Sensors 136 | . . . . . . . . . . . 136 Robot Analysis Total . | . . . . . . . . . . . . Derelict Logs Recovered 4 | . . . . 1 . . . . . 2 1 Drone Launches . | . . . . . . . . . . . . Drone Recoveries . | . . . . . . . . . . . . Exploration | -11 -10 -10 -9 -9 -9 -8 -8 -7 -7 -7 -7 ------------- Run | Yrd Mat Min Mat Min Exi Min Mat Fac Low Low Zio Turns Passed 5462 | 45 210 255 636 473 413 17 859 223 347 347 1637 Spaces Moved 5010 | 40 141 132 350 359 344 15 446 424 638 682 1439 Core 530 | 20 . 100 350 26 . . . . . . 34 Treads . | . . . . . . . . . . . . Legs 1403 | 20 141 32 . 333 344 15 . . . . 518 Wheels . | . . . . . . . . . . . . Hover . | . . . . . . . . . . . . Flight 3077 | . . . . . . . 446 424 638 682 887 Fastest Speed 50 | 50 120 100 100 120 120 120 50 50 50 50 50 Average Speed 83 | 85 120 167 164 122 120 120 50 50 50 50 84 Slowest Speed 500 | 120 120 200 200 150 120 120 50 50 50 50 500 Overloaded Moves . | . . . . . . . . . . . . Propulsion Burnouts . | . . . . . . . . . . . . Robots Hopped 4 | . . . . . . . 2 2 . . . Potential Cave-ins . | . . . . . . . . . . . . Cave-ins Triggered . | . . . . . . . . . . . . Exploration Rate (%) 44 | 4 20 38 34 74 77 6 29 11 71 82 84 Regions Visited 11 Branch Regions 7 Pre-discovered Areas 1 | . . . . . 1 . . . . . . Known Exits Taken 2 | . 1 . 1 . . . . . . . . Unknown Exits Taken 9 | 1 . 1 . 1 1 1 1 1 1 1 . Scrap Searched 8 | . . . . 1 . 1 . . 2 2 2 Spaces Dug . | . . . . . . . . . . . . Terrain Destroyed 272 | . . 43 56 . . . 58 . 86 . 29 Melee . | . . . . . . . . . . . . Projectile . | . . . . . . . . . . . . AOE 272 | . . 43 56 . . . 58 . 86 . 29 Terrain Rammed . | . . . . . . . . . . . . Walls Destroyed . | . . . . . . . . . . . . Machines Disabled . | . . . . . . . . . . . . Actions | -11 -10 -10 -9 -9 -9 -8 -8 -7 -7 -7 -7 --------- Run | Yrd Mat Min Mat Min Exi Min Mat Fac Low Low Zio Total 6008 | 50 167 149 389 384 344 14 1057 433 653 687 1681 Wait 646 | . 13 2 10 2 . . 583 4 6 4 22 Move 4992 | 39 140 131 350 358 343 14 441 419 637 681 1439 Hop 4 | . . . . . . . 2 2 . . . Pick Up 60 | 5 4 2 3 9 1 . 6 4 . 1 25 Fast Attach 11 | 1 . . . . . . . . . . 10 Attach 47 | 5 1 1 6 7 . . 1 2 . . 24 Detach 2 | . . . 1 . . . . . . . 1 Swap 19 | . 1 . . 1 . . 8 . 4 . 5 Drop 23 | . . . 1 2 . . 4 2 . 1 13 Fire 172 | . 8 12 18 5 . . 12 . 6 . 111 Melee 31 | . . . . . . . . . . . 31 Ram . | . . . . . . . . . . . . Kick 1 | . . 1 . . . . . . . . . Crush . | . . . . . . . . . . . . Escape Stasis . | . . . . . . . . . . . . Rewire . | . . . . . . . . . . . . Trap . | . . . . . . . . . . . . Miscellaneous . | . . . . . . . . . . . . Route ------- -11/Scrapyard -10/Materials (discovered 2 exits: *Min x2) -10/Mines -9/Materials -9/Mines (discovered 3 exits: *Mat / *Exi / Zio) -9/Exiles -8/Mines -8/Materials -7/Factory (discovered 2 exits: [*Fac] / [*Low]) -7/Lower Caves -7/Lower Caves -7/Zion (discovered 1 exit: [*Pro]) History --------- Turn | Location | Event 9 | -11/Scrapyard | Discovered new exit (range 15) 46 | -11/Scrapyard | Entered Materials 144 | -10/Materials | Discovered new exit (range 6) 188 | -10/Materials | Identified exit to Mines 256 | -10/Materials | Entered Mines 257 | -10/Mines | Assembled infested the area 262 | -10/Mines | Assisted by a Guerilla fighting off Assembled 311 | -10/Mines | Build established: Mutant 313 | -10/Mines | Received a Rocket Launcher from a helpful Derelict 336 | -10/Mines | Core integrity fell below 50% 343 | -10/Mines | Lost 4 parts (1p2n1w) 409 | -10/Mines | Received a Mining Laser from a helpful Derelict 491 | -10/Mines | Discovered new exit (range 10) 511 | -10/Mines | Entered Materials 511 | -9/Materials | Accompanied by 1 ally 511 | -9/Materials | Evolved 2 slots: Utility x2 633 | -9/Materials | Identified exit to Mines 1132 | -9/Materials | Lost 4 parts (1u3w) 1147 | -9/Materials | Entered Mines 1177 | -9/Mines | Met a Derelict shopkeep closing up shop 1224 | -9/Mines | A Derelict revealed a hidden shortcut to a safe place 1356 | -9/Mines | Found a damaged Exp. Sensor Array with a note attached 1361 | -9/Mines | Found Prototype Device 1362 | -9/Mines | Identified Exp. Sensor Array 1443 | -9/Mines | Discovered new exit (range 9) 1577 | -9/Mines | Learned 2 Materials zone layouts 1612 | -9/Mines | Deemed a non-threat by the Exiles lab entrance 1613 | -9/Mines | Discovered new exit (range 5) 1620 | -9/Mines | Entered Exiles 1652 | -9/Exiles | Met 8R-AWN 1671 | -9/Exiles | Met EX-HEX 1726 | -9/Exiles | Met EX-DEC 1753 | -9/Exiles | Visited The Gauntlet 1832 | -9/Exiles | Learned location of Zion (-7) 1866 | -9/Exiles | Met EX-BIN 1883 | -9/Exiles | Aligned with FarCom system 1884 | -9/Exiles | Given EX-Vault access code 1917 | -9/Exiles | Opened EX-Vault 1924 | -9/Exiles | Found Prototype Flight Unit 1948 | -9/Exiles | Warned to stay clear of 0b10 Research branches 2023 | -9/Exiles | Discovered new exit (range 10) 2033 | -9/Exiles | Left Exiles lab with Flying Fortress v7 2033 | -9/Exiles | Entered Mines 2038 | -8/Mines | Discovered new exit (range 10) 2050 | -8/Mines | Entered Materials 2050 | -8/Materials | Evolved 2 slots: Propulsion x2 2052 | -8/Materials | Identified Flying Fortress v7 2883 | -8/Materials | Discovered new exit (range 10) 2909 | -8/Materials | Entered Factory 2909 | -7/Factory | Evolved 2 slots: Utility x2 3041 | -7/Factory | Discovered new exit (range 5) 3111 | -7/Factory | Discovered new exit (range 8) 3132 | -7/Factory | Entered Lower Caves 3176 | -7/Lower Caves | Spotted B-75 Beast 3212 | -7/Lower Caves | Encountered a Warlord checkpoint 3437 | -7/Lower Caves | Attacked by a delusional Derelict stockpiling parts 3474 | -7/Lower Caves | Discovered new exit (range 8) 3479 | -7/Lower Caves | Entered another Lower Caves area 3484 | -7/Lower Caves | Learned Factory non-interactive machine intel 3650 | -7/Lower Caves | Learned Factory trap positions 3679 | -7/Lower Caves | Encountered a Warlord checkpoint 3818 | -7/Lower Caves | Discovered new exit (range 13) 3826 | -7/Lower Caves | Entered Zion 3849 | -7/Zion | Given the Hacking Drone Bay 3850 | -7/Zion | Found Prototype Device 3852 | -7/Zion | Identified Hacking Drone Bay 3868 | -7/Zion | Discovered new exit (range 12) 3899 | -7/Zion | Learned Factory terminal intel 3945 | -7/Zion | Found Prototype Processor 3945 | -7/Zion | Identified Exp. Armor Integrity Analyzer 3947 | -7/Zion | Found Prototype Processor 3947 | -7/Zion | Identified Exp. Terrain Scan Processor 3951 | -7/Zion | Found Prototype Processor 3951 | -7/Zion | Identified Exp. Targeting Computer 3953 | -7/Zion | Found Prototype Processor 3953 | -7/Zion | Identified Exp. Core Analyzer 4063 | -7/Zion | Received a hallucinogenic algorithm 4064 | -7/Zion | Ran a hallucination algorithm 4065 | -7/Zion | Ran a hallucination algorithm 4073 | -7/Zion | Ran a hallucination algorithm 4148 | -7/Zion | Found Prototype Launcher 4250 | -7/Zion | Rebuked by Imprinter 4264 | -7/Zion | Attempted to imprint without authorization 4264 | -7/Zion | Attacked by Zionites 4711 | -7/Zion | Build established: Scavenger-Mutant 4883 | -7/Zion | Lost 5 parts (3n1u1w) 5223 | -7/Zion | Core integrity fell below 50% 5277 | -7/Zion | Core integrity fell below 20% 5282 | -7/Zion | Lost 9 parts (1p4n2u2w) 5463 | -7/Zion | Destroyed by LC-HPC(z) with Makeshift Power Source chain reaction Last Messages --------------- 05419_ Destroyed Lgt. Nuclear Core. 05420_ JS-YRH(z) pulls a Mak. Shrapnel Gun out of the Twisted Machinery. 05421_ JS-YRH(z) destroyed. 05423_ R38Z6VVUVVE,7RF%XRCWRISWL1IT:=IUM ROH/X 05423_ Acquired 27 matter. 05426_ Acquired Mak. Shrapnel Gun. 05428_ QY-S34(c) destroyed. 05431_ Acquired 9 matter. LC-HPC(z) bursts out of the Twisted Machinery. 05437_ Acquired Mak. Power Source. 05441_ Destroyed Mak. Shrapnel Gun. 05441_ Destroyed Broken Mak. Leg. 05441_ Mak. Leg destroyed. 05441_ Critical hit (Burn: +37). 05444_ 8V-WKD(z) heat spikes uncontrollably. 05444_ Destroyed Mak. Laser. 05444_ 8V-WKD(z) destroyed. 05451_ U6-ZO4(z) destroyed. 05455_ Acquired Mak. Leg. 05463_ Chain reaction triggered in Corrupted Mak. Power Source. Map ----- +----------------------------------------------------+ | ????????????????#"" "###"" "" "######"#? | | ????????????????#""" ""#"" """ ""#????###? | | ????????????????#"""" """"" """ ""##??????? | | ????????????????##"#""""""" ""#??????? | | ?????????????????###"#"""" ## ## "##??????? | | ???????????????????#####"" # # ###??????? | | ???????????????????????##" """ ""###????? | | ????????????????????#?##"" " " """""????? | | ???????????????????##"#""" """ """##???? | | ??????????????????#""""" # # """#???? | | ?????????????????#""" ## ## ""#???? | | ?????????????????#"" """???? | | ?????????????????#"""" "" ""##???? | | ??????????????????"##""""""" """" """"""#????? | | ???????????????????#"#"""""" """" """"""#????? | | ???????????????????#"""""""" """"" ""#####????? | | ???????????????????#"" """"" """" """"""?????? | | ??????????????????##"" """" ""#??????? | | ??????????????????# "" """"" "##?????? | | ??????############# = """" ""#?????? | | ?????##""""#"" #"## = = """" """"#??# ? | | ######"#"""""" """""/**[= """" """"##??# | | """" #""" """" "*/% = """" """##???# | | """" #"" !=*z=*=%== = ""#"" """"#??## | | ##" =! /[ / = = =%"""" """##??# | | !* ##"" "**/=! !@ =[ """ """"#### | | " ! /""""""%*"/ " """ """""""""""# | | / ""#"###### #"" *""" """""""""""" | | " / ["####????#""""""" %""" | | %! ###" ""#????###" ""? = " | | #""" ###???" "" | | """" #"" """#???? #" | | """" ##" ""##?#"" | | #######"" ""#??#### "" "" """"" | | ?#####""#? "#"#????## "" "" """"" | | ##"""#### #"##?????#" "" """#" | | #" ##"#????#""" """"" | | #" #?##????#"#"" """"" | | #" #???????#?#"""" | | ## #### #?????????#"#"" """" | | ?# #??######?????????###""" """"""" """ | | ## ######??????????????#"""""""""#""""" "" | | "" """"""???????????????#"##""#"#####""""" "" | | #"! ! ######??????????????#??#####????##"#""" " | | ! *= " #???????????????????????????##"#"" "" | | !!!""" #????????????????????????????##""" """ | | =/" " #?????????????????????????????#""" ""## | | " = """""#???????????????????????????????"""""#? | | " !*"""" #???????????????????????????????#"""##? | | " " ""#????????????????????????????????###??? | +----------------------------------------------------+ Best States ------------- Heat Dissipation 38 Energy Generation 16 Energy Capacity 290 Matter Stores 300 Matter Capacity 300 Sight Range 16 Robot Scan Range 19 Terrain Scan Density 10 Armor Coverage 200 Evasion (%) 60 Targeting Accuracy 28 Launcher Accuracy 20 Offensive Hacking 10 Defensive Hacking 11 Item Schematics ----------------- Hvy. Plasma Cannon | -7/Zion | Archive Weapon Cycler | -7/Zion | Archive Hvy. Rocket Launcher | -7/Zion | Archive Energy Well | -7/Zion | Archive Neutrino Core | -7/Zion | Archive Arc Projector | -7/Zion | Archive Focal Shield | -7/Zion | Archive Gauss Cannon | -7/Zion | Archive Hvy. Flak Cannon | -7/Zion | Archive Energy Filter | -7/Zion | Archive Imp. Medium Treads | -7/Zion | Archive Xenon Bombardment Thruster | -7/Zion | Archive Thermic Laser | -7/Zion | Archive Adv. ECM Suite | -7/Zion | Archive Adv. Cooling System | -7/Zion | Archive Robot Schematics ------------------ L-31 Rogue | -7/Zion | Archive R-06 Scavenger | -7/Zion | Archive K-01 Serf | -7/Zion | Archive Fabricated ------------ Nothing Repaired ---------- Nothing Studied --------- Rocket Launcher | -9/Materials | Hacked Lgt. Assault Rifle | -9/Materials | Hacked Deuterium Engine | -8/Materials | Hacked Alien Tech Used ----------------- None Achievements -------------- Monster Robot Respite Challenges ------------ None Game ------ Seed PotentialFissionScanner Manual? 0 Play Time 00:59:36 Cumulative 21.4 hours Start 2026.01.14 @ 18:47:03 End 2026.01.14 @ 20:13:07 Sessions 1 Manual Loads 0 Difficulty Rogue Special Mode None Game No. 53 Rogue 53 Adventurer 0 Explorer 0 Win Type - Total 0 Types 0/0/0/0/0/0/0/0/0/0 Lore% 13 Gallery% 22 Achievement% 16 Wizard Run 0 Options --------- Layout 0 ASCII 0 Keyboard 0 Movement Arrows Keybinds 0 Fullscreen 1 Font 18/SmallcapsGlow Map View 76x50 Zoom Use 0% Tactical HUD 1 Map Filters NONE Filters NONE Steam 1 RUN: b743a4e0-1fdb-4b6a-9aa5-d359a8840e02